 Dungeon Crawl Stone Soup version 0.27.1-3-gb3d3a73c9e (webtiles) character file.

Game seed: 4399710394715100991

3231 Crownlay the Cleaver (level 9, -6/58 (71) HPs)
             Began as a Hill Orc Fighter on Oct 20, 2021.
             Was a Priest of Okawaru.
             Mangled by a wight (7 damage)
             ... on level 7 of the Dungeon.
             The game lasted 00:17:13 (10121 turns).

Crownlay the Cleaver (Hill Orc Fighter)            Turns: 10121, Time: 00:17:14

HP:   -6/58 (71)    AC:  8    Str: 22    XL:     9   Next: 98%
MP:   16/16         EV:  9    Int:  8    God:    Okawaru [***...]
Gold: 402           SH:  0    Dex:  8    Spells: 8/8 levels left

rFire    . . .     SeeInvis .   a - +0 war axe
rCold    . . .     Faith    +   (no shield)
rNeg     . . .     Spirit   .   b - +0 scale mail
rPois    .         Reflect  .   (no helmet)
rElec    .         Harm     .   (no cloak)
rCorr    .         Rampage  .   (no gloves)
Will     .....                  v - +0 pair of boots
Stlth    ..........             n - amulet of faith
HPRegen  0.19/turn              (no ring)
MPRegen  0.15/turn              (no ring)

@: hasted, heavily drained, very quick
A: clumsy 1
a: Renounce Religion, Heroism


You were on level 7 of the Dungeon.
You worshipped Okawaru.
Okawaru was most pleased with you.
You visited 2 branches of the dungeon, and saw 9 of its levels.

You collected 402 gold pieces.

Inventory:

Hand Weapons
 a - a +0 war axe (weapon)
Missiles
 l - 47 poisoned darts (quivered)
 x - a curare-tipped dart
 C - 6 javelins
Armour
 b - a +0 scale mail (worn)
 c - a +0 kite shield
 v - a +0 pair of boots (worn)
Jewellery
 g - a ring of fire
 n - an amulet of faith (around neck)
 t - an amulet of regeneration
Wands
 u - a wand of paralysis (11)
 B - a wand of mindburst (14)
 D - a wand of iceblast (9)
Scrolls
 e - a scroll of acquirement {unknown}
 f - 2 scrolls of identify
 j - a scroll of fog {unknown}
 k - 4 scrolls of vulnerability
 o - 4 scrolls of teleportation
 p - a scroll of amnesia
 q - a scroll of immolation {unknown}
 r - a scroll of summoning {unknown}
 y - a scroll of fear {unknown}
 E - a scroll of enchant weapon {unknown}
 G - a scroll of brand weapon {unknown}
 H - a scroll of torment {unknown}
 J - a scroll of blinking {unknown}
Potions
 d - 5 potions of might
 h - 2 potions of mutation
 i - a potion of magic
 m - a potion of haste
 s - a potion of ambrosia {unknown}
 z - a potion of resistance {unknown}
 A - a potion of lignification {unknown}
 F - a potion of curing
 I - a potion of flight


   Skills:
 + Level 3.9 Fighting
 - Level 14.0 Axes
 - Level 3.2 Armour
 - Level 3.2 Shields
 * Level 10.2 Invocations


You had 8 spell levels left.
You didn't know any spells.
Your spell library contained the following spells:

 Spells                   Type           Power      Damage    Failure   Level
 Conjure Flame            Conj/Fire      0%         6-21      98%         3
 Ignite Poison            Fire/Tmut/Pois 0%         N/A       98%         3
 Stone Arrow              Conj/Erth      0%         3d7       98%         3
 Animate Armour           Summ/Erth      0%         N/A       100%        4
 Sticky Flame             Conj/Fire      0%         2d3       100%        4
 Lehudib's Crystal Spear  Conj/Erth      0%         10d2      100%        8


Dungeon Overview and Level Annotations

Branches:
Dungeon (8/15)             Temple (1/1) D:6
   Lair: D:8-11

Altars:
Ashenzari
Elyvilon
Gozag
Hepliaklqana
Kikubaaqudgha
Makhleb
Okawaru
Qazlal
Ru
Sif Muna
Uskayaw
Vehumet
Xom
Yredelemnul
Zin
The Shining One


Innate Abilities, Weirdness & Mutations

You are clumsy. (Dex -2)


Message History

The wight is severely damaged.
The wight hits you but does no damage.
You gain the combat prowess of a mighty hero.
The wight barely misses you.
You hit the wight.
The wight is almost destroyed.
You slash the wight!
You destroy the wight!
Okawaru accepts your kill.
Items here: )) [[.
Magic restored.
You feel like a meek peon again.
HP restored.
Partly explored, can't reach some places.
There is a stone staircase leading down, spattered with blood here.
You climb downwards.
The wight barely misses you.
There is a stone staircase leading up, spattered with blood here.
The wight hits you with a +3 great sword.
You climb upwards.
There is a stone staircase leading down, spattered with blood here.
You completely miss the wight. You hit the wight but do no damage.
The wight hits you with a +5 dagger.
You feel drained.
The wight hits you with a +3 great sword.
You hit the wight but do no damage. x2; The wight hits you with a +5 dagger!
You hit the wight but do no damage. You closely miss the wight.
The wight hits you with a +3 great sword.
The wight hits you with a +5 dagger!
You feel drained.
You barely miss the wight. You hit the wight.
The wight hits you with a +3 great sword!
* * * LOW HITPOINT WARNING * * *
You feel drained.
* * * LOW HITPOINT WARNING * * *
The wight barely misses you.
Okay, then.
Okay, then.
You feel yourself speed up.
The wight hits you with a +3 great sword!
* * * LOW HITPOINT WARNING * * *
The wight hits you with a +5 dagger!
You die...

#...# #.# #.####≈#.#≈##
# #.#.# #.#
#..#####.### ## #.####
#.# #........#
.#####.#≈≈## #.#
#.########
.....#.#≈≈≈## #.# #.#
.......#≈≈≈≈####.# #.#
.[.....#≈≈≈≈#....# #.#
#.##.#.##############.#
..##.#.........z@z....#
#.##.######..#######..#
..##.#### #.## #..#
####....# #.# #..#
####.###.# ######.[#
##### #..##.# #[.)....#
....# ##.##.# #.####.##
########.##.###.## #.#
##≈#.##..##..# #.#


You could see 2 wights.

Vanquished Creatures
  2 slime creatures (D:7)
  A vampire (D:7)
  A steam dragon (D:7)
  3 necrophages
  3 sky beasts (D:7)
  A black bear (D:6)
  4 ogres
  A centaur (D:7)
  2 kobold brigands
  A bullfrog (D:8)
  3 scorpions
  A water moccasin skeleton (D:6)
  A wight (D:7)
  3 howler monkeys (D:7)
  A bullfrog zombie (D:5)
  A centaur zombie (D:7)
  A bullfrog skeleton (D:4)
  A jelly (D:7)
  4 orc priests
  4 hounds
  Terence (D:3)
  3 iguanas
  8 orc wizards
  A killer bee zombie (D:6)
  A hound skeleton (D:5)
  A howler monkey zombie (D:5)
  A howler monkey skeleton (D:7)
  6 adders
  3 gnolls (D:5)
  A white imp (D:4)
  An ufetubus (D:6)
  An adder skeleton (D:4)
  2 worms
  5 dart slugs
  12 orcs
  6 ball pythons
  9 endoplasms
  10 giant cockroaches
  9 goblins
  9 hobgoblins
  9 jackals
  8 quokkas
  7 bats
  6 frilled lizards
  11 kobolds
  5 rats
175 creatures vanquished.

Vanquished Creatures (others)
  An orc wizard (D:8)
  A plant (D:2)
2 creatures vanquished.

Grand Total: 177 creatures vanquished

Notes
Turn   | Place    | Note
-------+----------+-------------------------------------------
     0 | D:1      | Crownlay the Hill Orc Fighter began the quest for the Orb.
     0 | D:1      | Reached XP level 1. HP: 19/19 MP: 1/1
    42 | D:1      | Reached skill level 3 in Axes
    94 | D:1      | Reached XP level 2. HP: 21/26 MP: 2/2
   299 | D:1      | Reached skill level 4 in Axes
   463 | D:1      | Reached XP level 3. HP: 24/31 MP: 3/3
   534 | D:1      | Found a faded altar of an unknown god.
  1152 | D:2      | Reached skill level 5 in Axes
  1613 | D:2      | Reached XP level 4. HP: 28/39 MP: 4/4
  1815 | D:2      | Reached skill level 6 in Axes
  2622 | D:3      | Noticed an ogre
  2630 | D:3      | HP: 1/39 [ogre (13)]
  2631 | D:3      | Killed an ogre
  2632 | D:3      | Reached skill level 7 in Axes
  2632 | D:3      | Reached XP level 5. HP: 2/45 MP: 5/5
  2997 | D:3      | Noticed Terence
  3013 | D:3      | Killed Terence
  3014 | D:3      | Reached skill level 8 in Axes
  3014 | D:3      | Reached XP level 6. HP: 5/51 MP: 6/6
  3423 | D:3      | Found a shimmering blue altar of Sif Muna.
  3936 | D:4      | Reached skill level 9 in Axes
  4573 | D:4      | Found a glowing golden altar of the Shining One.
  4597 | D:4      | Gained mutation: You are clumsy. (Dex -2) [potion of
                  | mutation]
  4598 | D:4      | HP: 1/51 [scorpion (4)]
  4604 | D:4      | Reached XP level 7. HP: 9/57 MP: 7/7
  4761 | D:4      | Found a glowing silver altar of Zin.
  4928 | D:5      | Entered Level 5 of the Dungeon
  4961 | D:5      | Reached skill level 10 in Axes
  5137 | D:5      | Reached skill level 11 in Axes
  5272 | D:5      | Reached XP level 8. HP: 64/64 MP: 8/8
  5373 | D:5      | Reached skill level 12 in Axes
  5742 | D:6      | Found a staircase to the Ecumenical Temple.
  5753 | Temple   | Entered the Ecumenical Temple
  5819 | Temple   | Became a worshipper of Warmaster Okawaru
  6150 | D:6      | Reached skill level 1 in Invocations
  6558 | D:6      | Reached skill level 13 in Axes
  6723 | D:6      | Reached * piety under Okawaru
  7009 | D:6      | Found a radiant altar of Vehumet.
  7172 | D:7      | Reached XP level 9. HP: 56/70 MP: 11/11
  7538 | D:7      | Reached skill level 14 in Axes
  7538 | D:7      | Reached skill level 5 in Invocations
  7946 | D:7      | Identified the +2 leather armour of Dyezid {*Slow rElec
                  | Int-2 SInv}
  8217 | D:7      | Reached ** piety under Okawaru
  9311 | D:7      | Reached *** piety under Okawaru
  9746 | D:8      | Reached skill level 10 in Invocations
  9888 | D:7      | HP: 3/63 [wight (2)]
 10121 | D:7      | HP: 1/58 [wight (8)]
 10121 | D:7      | Mangled by a wight

Illustrated notes

Levels and vault maps discovered:
D:1:      sevenhm_arrival_forest_fort_small_3, layout_basic,
          hellmonk_ecumenical_altar_arch_garden, amcnicky_mini_pool_small,
          minmay_vboxes
D:2:      wad_river_or_something, layout_loops_ring, serial_forest,
          infiniplex_forest_straight_3, infiniplex_forest_diagonal,
          infiniplex_forest_straight_4, infiniplex_forest_clump_tiny,
          infiniplex_forest_straight_4, infiniplex_forest_clump_small,
          infiniplex_forest_lined_2
D:3:      layout_basic, kennysheep_orc_sif_temple, uniq_terence
D:4:      layout_cave_pools, mainiacjoe_overflow_catwalk, zin_statuary,
          serial_column_ruins, column_ruins_hut_water, column_ruins_hut,
          column_ruins_open_tiny, column_ruins_columns_straight,
          column_ruins_open_medium, column_ruins_open_medium_water,
          column_ruins_grid_1, column_ruins_open_medium,
          column_ruins_corridor_straight, st_stairs_2
D:5:      layout_loops_ring, palyth_stone_intersect, minmay_misc_feat_cross
D:6:      layout_basic, mainiacjoe_overflow_chevrons, minmay_temple_entry_trees
D:7:      layout_loops_ring, serial_aquarium, aquarium_bridge_straight
          [aquarium_subvault_bridge, aquarium_subvault_wall,
          aquarium_subvault_bridge, aquarium_subvault_wall], aquarium_window_2,
          aquarium_window_1, aquarium_window_fake, aquarium_window_corner,
          aquarium_view_2f, aquarium_view_2b, aquarium_pool_split
D:8:      layout_rooms
Temple:   bh_familiar_temple

Skill      XL: |  1  2  3  4  5  6  7  8  9 |
---------------+----------------------------+-----
Axes           | 3 4 5 7 8 9 11 13 14 | 14.0
Invocations    | 3 10 | 10.2
Fighting       | |  3.9
Armour         | |  3.2
Shields        | |  3.2

Action                   |  1- 3 |  4- 6 |  7- 9 || total
-------------------------+-------+-------+-------++-------
Melee: War axe           |   108 |   175 |   375 ||   658
Throw: Dart              |       |     3 |     5 ||     8
Invok: Heroism           |       |       |     1 ||     1
  Use: Potion            |       |     5 |     2 ||     7
       Scroll            |       |       |     4 ||     4
Armor: Scale mail        |    67 |    67 |   148 ||   282
Dodge: Dodged            |    65 |    97 |   129 ||   291
